Map: Ice and Chrome LE

Players

Neeb - Winner!

  • Race: Protoss Protoss
  • Spawn Location: 7:00

FireFoX

  • Race: Zerg Zerg
  • Spawn Location: 1:00

Event: DreamHack SC2 Masters 2020 Summer North America

VOD

https://youtu.be/2bljJ7hD-8w

Description

Time

  • Played on: July 1, 2020, 3:16 p.m.
  • Length: 2:37

All games in this series

Show
View Real Time Build Order
Export as new Build Order

Neeb Protoss - Winner!

Build Orders:  

Get SALT Encoding   

  12  0:01  Probe  
  13  0:13  Probe  
  14  0:20  Pylon  
  14  0:25  Probe  
  15  0:35  Probe  
  16  0:43  Probe  
  16  0:44  Gateway  
  17  0:50  Assimilator  
  17  0:53  Probe  
  18  1:01  Pylon  
  18  1:05  Probe  
  19  1:14  Gateway  
  19  1:24  Zealot  
  19  1:27  Pylon  
  19  1:32  Cybernetics Core  
  22  1:45  Gateway  
  21  1:49  Zealot  
  23  2:00  Adept  
  25  2:20  Probe  
Show
View Real Time Build Order
Export as new Build Order

FireFoX Zerg 

Build Orders: Pool First 

Get SALT Encoding   

  12  0:18  Spawning Pool  
  11  0:21  Drone  
  12  0:33  Overlord  
  12  1:05  Zergling x6  
  15  1:16  Hatchery  
  14  1:20  Zergling x2  
  15  1:42  Zergling x2  
  15  1:43  Zergling x2  
  18  2:00  Zergling x4  
  19  2:14  Zergling x2  
Tags
 
Add a new tag
Caveats
  • Supply blocks, unpowered buildings, or Contaminate may cause inaccurate times.
  • Supply counts are checked every 10 seconds.